 Dungeon Crawl Stone Soup version 0.30-a0-802-gb92711bcdf (webtiles) character file.

Game seed: 8489662030578478069

1768 Newt the Chopper (level 8, -4/64 HPs)
             Began as a Demonspawn Gladiator on Feb 24, 2023.
             Was an Initiate of Gozag.
             Killed by divine providence
             ... invoked by an orc priest
              (15 damage)
             ... on level 6 of the Dungeon.
             The game lasted 00:08:06 (6411 turns).

Newt the Chopper (Demonspawn Gladiator)             Turns: 6411, Time: 00:08:07

Health: -4/64      AC: 12    Str: 13    XL:     8   Next: 80%
Magic:  8/8        EV: 11    Int: 12    God:    Gozag
Gold:   315        SH:  3    Dex: 15    Spells: 7/7 levels left

rFire   + . .      SeeInvis .    t - +2 hand axe (elec)
rCold   . . .      Faith    .    w - +0 buckler
rNeg    . . .      Spirit   .    i - +3 ring mail of Ozyarpha {rF+ Will++ Str-3 Slay+3}
rPois   .          Reflect  .    x - +2 helmet
rElec   .          Harm     .    (no cloak)
rCorr   .          Rampage  .    (no gloves)
Will    ++...                    (no boots)
Stlth   +                        (no amulet)
HPRegen 0.30/turn                (no ring)
MPRegen 0.11/turn                (no ring)

@: gold aura
A: claws 2, spiny 1, big brain 1, condensation shield
a: Renounce Religion, Potion Petition, Call Merchant, Bribe Branch


You were on level 6 of the Dungeon.
You worshipped Gozag.
Gozag was aware of your devotion.
You visited 1 branch of the dungeon, and saw 6 of its levels.
You also visited: Sewer.

You collected 378 gold pieces.
You paid 63 gold pieces to Gozag.

Inventory:

Hand Weapons
 a - a +0 rapier
 d - a +2 hand axe of venom
 t - a +2 hand axe of electrocution (weapon)
 v - a +0 mace of venom
Missiles
 h - 5 curare-tipped darts (quivered)
 m - a boomerang of dispersal
 o - 20 poisoned darts
 u - a javelin
 y - 2 throwing nets
 E - 4 boomerangs
Armour
 b - a +0 leather armour
 c - a +1 helmet
 i - the +3 ring mail of Ozyarpha (worn) {rF+ Will++ Str-3 Slay+3}
   (You found it on level 2 of the Dungeon)

   Str:       It affects your strength (-3).
   Slay:      It affects your accuracy & damage with ranged weapons and melee
   (+3).
   rF:        It protects you from fire.
   Will:      It greatly increases your willpower.
 w - a +0 buckler (worn)
 x - a +2 helmet (worn)
Wands
 C - a wand of iceblast (6)
Scrolls
 f - a scroll of enchant armour
 l - 5 scrolls of teleportation
 s - a scroll of identify
 B - 2 scrolls of magic mapping
 D - a scroll of noise
 F - 2 scrolls of amnesia {unknown}
Potions
 e - 2 potions of lignification
 g - a potion of curing
 j - 2 potions of might
 k - 2 potions of mutation {unknown}
 n - 2 potions of ambrosia
 p - a potion of resistance
 q - 2 potions of invisibility
 r - a potion of magic
 A - a potion of degeneration


   Skills:
 - Level 6.0 Fighting
 - Level 4.0 Short Blades
 + Level 6.0 Axes
 - Level 4.0 Throwing
 - Level 4.0 Armour
 - Level 2.6 Dodging
 - Level 1.5 Stealth


You had 7 spell levels left.
You didn't know any spells.
Your spell library contained the following spells:

 Spells                   Type           Power      Damage    Failure   Level
 Blink                    Tloc           0%         N/A       80%         2
 Manifold Assault         Tloc           0%         N/A       100%        4
 Storm Form               Tmut/Air       0%         N/A       100%        7


Dungeon Overview and Level Annotations

Branches:
Dungeon (6/15)             Temple (0/1) D:6           Sewer (visited)

Altars:
Gozag
Ru
Sif Muna

Shops:
D:3 *   D:5 *


Innate Abilities, Weirdness & Mutations

You have very sharp fingernails.
You are partially covered in sharp spines.
You have an unusually large brain. (Int +2)
A meltable shield of frost defends you. (SH +0)


Message History

You completely miss the orc warrior. The orc hits you with a +0 club.
The orc priest hits you with a +0 flail!
The orc priest is struck by your spines.
You kill the orc priest!
The orc warrior hits you with a +0 halberd.
* * * LOW HITPOINT WARNING * * *
You closely miss the orc priest. You hit the orc.
You kill the orc!
You hit the orc warrior. The orc priest barely misses you.
The orc warrior is distracted by your dazzling golden aura.
The orc warrior shouts!
You completely miss the orc priest. You barely miss the orc warrior.
The orc warrior is no longer distracted by gold.
The orc priest completely misses you.
The orc warrior hits you with a +0 halberd!
* * * LOW HITPOINT WARNING * * *
You feel much better.
The orc priest hits you with a +0 flail.
The orc warrior closely misses you.
You closely miss the orc priest. You completely miss the orc warrior.
The orc priest hits you but does no damage.
The orc warrior hits you with a +0 halberd!
* * * LOW HITPOINT WARNING * * *
You hit the orc priest.
The orc priest is moderately wounded.
You hit the orc warrior.
You kill the orc warrior!
The orc priest is struck by your spines.
The orc priest hits you with a +0 flail!
* * * LOW HITPOINT WARNING * * *
Training target 6.0 for Fighting reached!
Your Fighting skill increases to level 6!
You need to enable at least one skill for training.
Unknown command.
You hit the orc priest.
The orc priest is heavily wounded.
The orc priest calls down the wrath of Beogh upon you.
Beogh smites you!
You die...
Your body crumbles into a pile of gold.

## $#.#..#.###.#.
##. ####...##... #
#..##...####..#.
#..#..#.#?...##.#
#..#.#..#.♣.###.#
#......##...#...#
#..#.###..#.....#
##.#.....##$.<..#
#...##.##.@$....#
#..........o$.....#
#.##.#######.##.....
.. .. ... .... #.
..♣ .♣.. ... .#. ..
.#. #. .. ##.. ...
.. $


You could see an orc priest.

Vanquished Creatures
  A water moccasin (Sewer)
  An orc warrior (D:6)
  An ice beast (D:6)
  3 ogres
  A phantom (D:6)
  A bullfrog (D:6)
  5 scorpions
  A howler monkey (D:6)
  A hound (D:6)
  A jelly (D:4)
  A gnoll bouda (D:6)
  4 orc priests
  An iguana (D:6)
  Ijyb (D:3)
  Terence (D:3)
  Natasha (twice) (D:4)
  4 orc wizards
  Robin (D:3)
  9 gnolls
  11 adders
  An ufetubus (D:5)
  2 worms
  A dart slug (D:3)
  18 orcs
  7 endoplasms
  2 giant cockroaches
  8 hobgoblins
  2 jackals (Sewer)
  6 kobolds
  4 quokkas
  3 ball pythons
  7 bats
  2 frilled lizards
  17 goblins
  2 rats
133 creatures vanquished.

Vanquished Creatures (others)
  A jelly (D:6)
  A plant (D:4)
2 creatures vanquished.

Grand Total: 135 creatures vanquished

Notes
Turn   | Place    | Note
-------+----------+-------------------------------------------
     0 | D:1      | Newt the Demonspawn Gladiator began the quest for the Orb.
     0 | D:1      | Reached XP level 1. HP: 16/16 MP: 1/1
    91 | D:1      | Reached skill level 1 in Stealth
   320 | D:1      | Found a faded altar of an unknown god.
   325 | D:1      | Gained mutation: You have sharp fingernails. [demonic
                  | ancestry]
   325 | D:1      | Reached XP level 2. HP: 22/22 MP: 2/2
   987 | D:2      | Gained mutation: A meltable shield of frost defends you.
                  | (SH +0) [demonic ancestry]
   987 | D:2      | Reached XP level 3. HP: 29/29 MP: 3/3
  1314 | D:2      | Identified the +3 ring mail of Ozyarpha {rF+ Will++ Str-3
                  | Slay+3}
  1641 | D:2      | Gained mutation: You have an unusually large brain. (Int
                  | +2) [demonic ancestry]
  1641 | D:2      | Reached XP level 4. HP: 28/37 MP: 4/4
  1998 | D:3      | Noticed Terence
  2030 | D:3      | Killed Terence
  2031 | D:3      | Gained mutation: You have very sharp fingernails. [demonic
                  | ancestry]
  2031 | D:3      | Reached XP level 5. HP: 35/42 MP: 5/5
  2073 | D:3      | Reached skill level 1 in Armour
  2107 | D:3      | Noticed Robin
  2113 | D:3      | Killed Robin
  2118 | D:3      | HP: 2/42 [hobgoblin[Robin] (1)]
  2299 | D:3      | Found Nopopropp's General Store.
  2523 | D:3      | Found a sacrificial altar of Ru.
  2604 | D:3      | Noticed Ijyb
  2614 | D:3      | Killed Ijyb
  2615 | D:3      | Reached XP level 6. HP: 48/48 MP: 6/6
  2891 | D:4      | Found a glowing drain.
  2906 | Sewer    | Entered a sewer
  2986 | Sewer    | Noticed a water moccasin
  3009 | Sewer    | Killed a water moccasin
  3010 | Sewer    | Reached skill level 1 in Axes
  3619 | D:4      | Found an opulent altar of Gozag.
  3838 | D:4      | Reached XP level 7. HP: 54/54 MP: 7/7
  3862 | D:4      | Noticed Natasha
  3872 | D:4      | Killed Natasha
  4361 | D:4      | Noticed Natasha
  4370 | D:4      | Killed Natasha
  4516 | D:5      | Entered Level 5 of the Dungeon
  4718 | D:5      | Found Guek's Gadget Gallery.
  5161 | D:5      | Reached skill level 5 in Axes
  5517 | D:4      | Became a worshipper of Gozag Ym Sagoz the Greedy
  5702 | D:5      | Gained mutation: You are partially covered in sharp spines.
                  | [demonic ancestry]
  5702 | D:5      | Reached XP level 8. HP: 53/60 MP: 8/8
  5933 | D:5      | Found a shimmering blue altar of Sif Muna.
  6083 | D:6      | Found a staircase to the Ecumenical Temple.
  6177 | D:6      | Reached skill level 5 in Fighting
  6411 | D:6      | Killed from afar by an orc priest

Illustrated notes

Levels and vault maps discovered:
D:1:      giann_forest_graveyard, layout_loops_corners,
          ebering_ecumenical_altar_abandoned, minmay_heptomino_h4
D:2:      layout_basic
D:3:      layout_rooms, nicolae_ru_sacrificial_ziggurat, serial_shops, shop,
          hangedman_decor_peaks_small, uniq_ijyb, uniq_terence, uniq_robin
D:4:      layout_basic, general_overflow_altar, cheibrodos_sewer_entry_bend,
          wad_woods_river_04, uniq_natasha
D:5:      layout_basic, mainiacjoe_overflow_alcove_2, nicolae_shop_gadgets
D:6:      layout_basic, kennysheep_ying_yang, grunt_qazlal_clouds,
          minmay_temple_entry_statues, grunt_ministairs_13, minmay_bent

Skill      XL: |  1  2  3  4  5  6  7  8 |
---------------+-------------------------+-----
Stealth        | 1 |  1.5
Fighting       | 3 4 6 |  6.0
Short Blades   | 3 4 |  4.0
Armour         | 2 4 |  4.0
Axes           | 2 5 6 |  6.0
Throwing       | 4 |  4.0
Dodging        | |  2.6

Action                     |  1- 3 |  4- 6 |  7- 9 || total
---------------------------+-------+-------+-------++-------
  Melee: Rapier            |   120 |    40 |       ||   160
         Punch             |     1 |       |       ||     1
         Hand axe          |       |   111 |   115 ||   226
  Throw: Javelin           |     1 |     2 |       ||     3
         Dart              |       |    12 |     6 ||    18
         Throwing net      |       |     3 |       ||     3
         Boomerang         |       |     1 |       ||     1
    Use: Scroll            |     6 |     2 |     8 ||    16
         Potion            |       |     5 |     3 ||     8
   Stab: Sleeping          |     7 |       |     1 ||     8
         Held in net/web   |       |     1 |       ||     1
 Armour: Leather armour    |    32 |       |       ||    32
         Ring mail         |     7 |    79 |    29 ||   115
  Dodge: Dodged            |    76 |    80 |    59 ||   215
  Block: Other             |    16 |    29 |       ||    45
         Buckler           |       |    38 |    49 ||    87

Table legend: (Time is in decaauts)
 A = Elapsed time spent in this place.
 B = Non-inter-level travel time spent in this place.
 C = Inter-level travel time spent in this place.
 D = Time resting spent in this place.
 E = Time spent auto-exploring this place.
 F = Levels seen in this place.
 G = Mean time per level.
                   A        B        C        D        E       F      G
               +--------+--------+--------+--------+--------+-----+--------+
         Total |   6559 |   6160 |    399 |    905 |   4178 |   7 |  937.0 |
       Dungeon |   6023 |   5624 |    399 |    570 |   4048 |   6 | 1003.8 |
         Sewer |    535 |    535 |      0 |    335 |    129 |   1 |  535.0 |
               +--------+--------+--------+--------+--------+-----+--------+

Top non-repeatable levels by time:
     D:5: 1447 daAuts
     D:4: 1413 daAuts
     D:2: 993 daAuts
     D:1: 973 daAuts
     D:3: 865 daAuts
   Sewer: 535 daAuts
     D:6: 330 daAuts
